 Dungeon Crawl Stone Soup version 0.31-a0-920-g28cbb04a8c (webtiles) character file.

Game seed: 14608374072020884312

2 Azuregosa the Sneak (level 1, -2/16 HPs)
             Began as an Octopode Delver on Oct 17, 2023.
             Slain by a hound (4 damage)
             ... on level 4 of the Dungeon.
             The game lasted 00:00:43 (101 turns).

Azuregosa the Sneak (Octopode Delver)                Turns: 101, Time: 00:00:44

Health: -2/16      AC:  1    Str: 11    XL:     1   Next: 40%
Magic:  1/1        EV: 13    Int: 12    God:
Gold:   15         SH:  0    Dex: 13    Spells: 0/0 levels left

rFire   . .          .
                       - Unarmed
rCold   . . .        (no shield)
rNeg    . . .        (helmet restricted)
rPois   .            (no amulet)
rElec   .            (no ring)
rCorr   .            (no ring)
SInv    .            (no ring)
Will    .....        (no ring)
Stlth   ++++         (no ring)
HPRegen 0.22/turn    (no ring)
MPRegen 0.07/turn    (no ring)
                     (no ring)

%: no passive effects
@: no status effects
A: almost no armour, amphibious, 8 rings, camouflage 1, gelatinous body 1,
(nimble swimmer 1), tentacles
a: no special abilities


You were on level 4 of the Dungeon.
You visited 1 branch of the dungeon, and saw 3 of its levels.

You collected 15 gold pieces.

Inventory:

Wands
 e - a wand of digging (3)
Scrolls
 a - a scroll of fog
 b - a scroll of revelation
 c - a scroll of fear
 f - 2 scrolls of identify {unknown}
Potions
 d - a potion of haste
 g - a potion of resistance {unknown}


   Skills:
 - Level 3.0 Fighting
 - Level 2.0 Dodging
 + Level 6.8 Stealth
 - Level 2.0 Unarmed Combat


You couldn't memorise any spells.
You didn't know any spells.
Your spell library was empty.

Dungeon Overview and Level Annotations

Branches:
Dungeon (6/15)
 Temple: D:4-7

Altars:


Innate Abilities, Weirdness & Mutations

You cannot wear most types of armour.
You are amphibious.
You can wear up to eight rings at the same time.
Your skin changes colour to match your surroundings (Stealth+).
Your rubbery body absorbs attacks. (AC +1, EV +1)
((You are camouflaged when in or above water. (Stealth+)))
You have tentacles for arms and can constrict up to eight enemies at once.


Message History

You tentacle-slap the hobgoblin.
You kill the hobgoblin!
You now have 15 gold pieces.
A hobgoblin comes into view.
The hobgoblin shouts!
The hound barks!
The hobgoblin hits you.
You barely miss the hobgoblin. Your grab misses the hobgoblin.
You barely miss the hobgoblin. You grab the hobgoblin.
You constrict the hobgoblin, but do no damage.
The hobgoblin barely misses you.
You tentacle-slap the hobgoblin but do no damage.
You constrict the hobgoblin, but do no damage.
The hobgoblin completely misses you.
A kobold comes into view. It is wielding a +0 dagger.
The kobold shouts!
You tentacle-slap the hobgoblin. You squeeze the hobgoblin.
You kill the hobgoblin!
The hound bites you.
You barely miss the hound. Your grab misses the hound.
Your squeeze misses the hound. The hound bites you.
You miss the hound. Your grab misses the hound. You squeeze the hound!
The hound is heavily wounded.
The hound closely misses you. The hound barely misses you.
You tentacle-slap the hound but do no damage.
Your grab misses the hound.
The hound is heavily wounded.
The hound bites you.
* * * LOW HITPOINT WARNING * * *
You barely miss the hound. Your grab misses the hound.
The hound is heavily wounded.
The hound closely misses you. The hound bites you.
* * * LOW HITPOINT WARNING * * *
You closely miss the hound. You grab the hound.
The hound is heavily wounded.
You constrict the hound. The hound completely misses you.
You release your grip on the hound.
Things that are here:
10 gold pieces; a hobgoblin corpse The hound attacks as it pursues you!
The hound misses you. The hound bites you.
You die...

#..........#.#
########.###.#
#######.# #.#
#.....#.# #.#
#.##....# #.#
#.##..### #.#
########.#...#####.#
............>......#
########@##..#######
#..h...........
#.#K###.#######
#.#........#
#.#..##.##.#
#.#.....# #
#....#..# ######...
....


You could see a hound and a kobold.

Vanquished Creatures
  2 hobgoblins (D:4)
2 creatures vanquished.

Notes
Turn   | Place    | Note
-------+----------+-------------------------------------------
     0 | D:5      | Azuregosa the Octopode Delver began the quest for the Orb.
     0 | D:5      | Reached XP level 1. HP: 16/16 MP: 1/1
     4 | D:6      | Noticed a gnoll bouda
     4 | D:6      | Noticed a hound
     4 | D:6      | Noticed a bullfrog
     4 | D:6      | Noticed a jelly
    15 | D:5      | Noticed a jelly
    23 | D:4      | Noticed a hound
   101 | D:4      | Slain by a hound

Illustrated notes

Levels and vault maps discovered:
D:4:      layout_basic, minmay_temple_entry_overgrown, serial_shops,
          nicolae_shop_mannequins, uniq_menkaure
D:5:      layout_basic, evilmike_ruin_ashenzari
D:6:      layout_rooms, amethyst_overflow_temple_binary, uniq_pikel

Action                     || total
---------------------------++-------
  Melee: Unarmed           ||    10
         Constrict         ||     2
         Tentacles         ||     2
   Stab: Sleeping          ||     1
 Armour: Skin              ||     6
  Dodge: Dodged            ||     7

Table legend: (Time is in decaauts)
 A = Elapsed time spent in this place.
 B = Non-inter-level travel time spent in this place.
 C = Inter-level travel time spent in this place.
 D = Time resting spent in this place.
 E = Time spent auto-exploring this place.
 F = Levels seen in this place.
 G = Mean time per level.
                   A        B        C        D        E       F      G
               +--------+--------+--------+--------+--------+-----+--------+
         Total |    100 |    100 |      0 |      0 |     53 |   3 |   33.3 |
       Dungeon |    100 |    100 |      0 |      0 |     53 |   3 |   33.3 |
               +--------+--------+--------+--------+--------+-----+--------+

Top non-repeatable levels by time:
     D:4: 83 daAuts
     D:5: 15 daAuts
     D:6: 1 daAuts
